 Dungeon Crawl Stone Soup version 0.31-a0-165-g3f4f80340b (webtiles) character file.

Game seed: 16699719895435066554

1320 qw the Skirmisher (level 8, -2/74 HPs)
             Began as a Naga Hunter on June 13, 2023.
             Slain by a centaur (5 damage)
             ... on level 6 of the Dungeon.
             The game lasted 00:02:10 (5096 turns).

qw the Skirmisher (Naga Hunter)                     Turns: 5096, Time: 00:02:10

Health: -2/74      AC:  5    Str: 13    XL:     8   Next: 59%
Magic:  8/8        EV: 10    Int: 10    God:
Gold:   458        SH:  0    Dex: 17    Spells: 7/7 levels left

rFire   + + .        Y - +0 shortbow
rCold   . . .        (shield currently unavailable)
rNeg    . . .        f - +1 leather armour {rF+}
rPois   +            (no helmet)
rElec   .            (no cloak)
rCorr   .            (no gloves)
SInv    +            (no barding)
Will    +....        (no amulet)
Stlth   ++           a - ring of protection from fire
HPRegen 0.32/turn    (no ring)
MPRegen 0.11/turn

%: no passive effects
@: short of breath, very slow
A: AC +2, large, see invisible, deformed body, poison resistance, slowness 2,
spit poison 1, naga tail 1
a: Spit Poison


You were on level 6 of the Dungeon.
You visited 1 branch of the dungeon, and saw 7 of its levels.

You collected 458 gold pieces.


Innate Abilities, Weirdness & Mutations

Your serpentine skin is tough. (AC +2)
You have supernaturally acute eyesight. (SInv)
Armour fits poorly on your strangely shaped body.
Your system is resistant to poisons. (rPois)
You cover ground very slowly.
You can spit poison.
You have a snake-like lower body.


   Skills:
 - Level 5.2 Fighting
 + Level 8.8 Ranged Weapons
 - Level 2.1 Dodging
 - Level 1.5 Stealth


You had 7 spell levels left.
You didn't know any spells.
Your spell library was empty.

Inventory:

Hand Weapons
 Y - a +0 shortbow (weapon)
Armour
 f - a +1 leather armour of fire resistance (worn)
Jewellery
 a - a ring of protection from fire (left hand)
Scrolls
 b - a scroll of enchant armour
 d - a scroll of identify
Potions
 c - a potion of invisibility {unknown}
 g - 2 potions of curing
 i - a potion of haste {unknown}
 j - a potion of heal wounds {unknown}

Dungeon Overview and Level Annotations

Branches:
Dungeon (7/15)
 Temple: D:4-7

Altars:
Elyvilon
Kikubaaqudgha
Makhleb


Message History

The centaur unwields a +0 shortbow.
The centaur barely misses you. The centaur kicks you.
You shoot an arrow.
The arrow hits the centaur but does no damage.
The centaur is severely wounded.
You have got your breath back.
The centaur looks more healthy.
The centaur hits you but does no damage.
The centaur completely misses you. The gnoll hits you with a +0 whip.
The gnoll barely misses you.
5093 ||| INVOKING Spit Poison.
Aiming: Spit Poison (1% risk of failure)
Press: ? - help, Shift-Dir - straight line, f/p - centaur The splash of poison hits the centaur.
The centaur is poisoned.
The centaur is severely wounded.
The centaur hits you but does no damage.
The centaur barely misses you. The gnoll misses you.
The centaur closely misses you. x2; The gnoll misses you.
You shoot an arrow.
The arrow hits the centaur but does no damage.
The centaur is severely wounded.
The gnoll hits you with a +0 flail!
The centaur hits you but does no damage.
The centaur barely misses you.
The gnoll bouda hits you with a +0 club.
The gnoll barely misses you.
The gnoll hits you from afar with a +0 spear!
You shoot an arrow. The arrow barely misses the centaur.
The centaur closely misses you. The centaur kicks you.
The gnoll closely misses you. The gnoll bouda closely misses you.
The gnoll barely misses you.
The centaur hits you but does no damage.
The centaur kicks you but does no damage.
You shoot an arrow.
The arrow hits the centaur but does no damage.
The centaur is severely wounded.
The gnoll closely misses you. The gnoll hits you with a +0 flail.
The gnoll bouda hits you with a +0 club.
The gnoll hits you with a +0 whip! The centaur hits you.
You die...

. # ... .#
.?..#####.+
.....gcg..#
......g@..#
+##+##g.###
#..# ....
.....
....###
#.... .....


You could see a centaur (poisoned), a gnoll bouda and 3 gnolls.

Vanquished Creatures
  Grinder (D:4)
  An ice beast (D:5)
  An ogre (D:7)
  A kobold brigand (D:4)
  3 scorpions (D:4)
  2 hounds (D:4)
  5 orc priests
  A gnoll bouda (D:7)
  A sleepcap (D:7)
  An iguana (D:4)
  5 orc wizards
  8 gnolls
  6 adders
  3 worms
  A dart slug (D:1)
  17 orcs
  10 endoplasms
  3 giant cockroaches
  5 goblins
  6 hobgoblins
  9 jackals
  63 kobolds
  2 quokkas (D:2)
  4 ball pythons
  5 bats
  3 frilled lizards
  3 rats
170 creatures vanquished.

Notes
Turn   | Place    | Note
-------+----------+-------------------------------------------
     0 | D:1      | qw the Naga Hunter began the quest for the Orb.
     0 | D:1      | Reached XP level 1. HP: 19/19 MP: 1/1
     0 | D:1      | 0 ||| qw: Version: 0.2-a-29-gc1b59c4
     0 | D:1      | 0 ||| qw: Game counter: 4721
     0 | D:1      | 0 ||| qw: Always use a shield: true
     0 | D:1      | 0 ||| qw: God list: Okawaru
     0 | D:1      | 0 ||| qw: Allow faded altars: false
     0 | D:1      | 0 ||| qw: Do Orc after D:15 true
     0 | D:1      | 0 ||| qw: Do second Lair branch before Depths: true
     0 | D:1      | 0 ||| qw: Lair rune preference: random
     0 | D:1      | 0 ||| qw: Plans: Normal
     0 | D:1      | 0 ||| PLANNING D:1-11
    17 | D:1      | 17 ||| INVOKING Spit Poison.
    84 | D:1      | 84 ||| INVOKING Spit Poison.
    88 | D:1      | 88 ||| INVOKING Spit Poison.
    90 | D:1      | Reached skill level 4 in Ranged Weapons
    90 | D:1      | Reached XP level 2. HP: 26/26 MP: 2/2
   146 | D:1      | 146 ||| INVOKING Spit Poison.
   198 | D:1      | 198 ||| INVOKING Spit Poison.
   297 | D:1      | 297 ||| INVOKING Spit Poison.
   423 | D:1      | 423 ||| INVOKING Spit Poison.
   432 | D:1      | 432 ||| INVOKING Spit Poison.
   695 | D:1      | 695 ||| READING scroll labelled ITISI ZACKIM.
   696 | D:1      | 696 ||| READING scroll labelled TESTYJ NYPNYGU.
   697 | D:1      | 697 ||| READING 2 scrolls labelled ROXZUZ GOSOM.
   698 | D:1      | 698 ||| READING scroll labelled DITE FASUG.
   699 | D:1      | 699 ||| DRINKING 2 fuming clear potions.
   700 | D:1      | 700 ||| DROPPING scroll of butterflies.
   701 | D:1      | 701 ||| DROPPING potion of enlightenment.
   702 | D:1      | 702 ||| DROPPING scroll of immolation.
   728 | D:2      | 728 ||| INVOKING Spit Poison.
   733 | D:2      | 733 ||| INVOKING Spit Poison.
   735 | D:2      | 735 ||| STAIRDANCE
   768 | D:2      | 768 ||| INVOKING Spit Poison.
   769 | D:2      | 769 ||| STAIRDANCE
   821 | D:2      | 821 ||| STAIRDANCE
   823 | D:1      | 823 ||| INVOKING Spit Poison.
   861 | D:2      | 861 ||| INVOKING Spit Poison.
   864 | D:2      | 864 ||| INVOKING Spit Poison.
   866 | D:2      | 866 ||| STAIRDANCE
   914 | D:2      | 914 ||| INVOKING Spit Poison.
   919 | D:2      | 919 ||| INVOKING Spit Poison.
   922 | D:2      | Reached XP level 3. HP: 28/32 MP: 3/3
   958 | D:2      | 958 ||| INVOKING Spit Poison.
   969 | D:2      | 969 ||| INVOKING Spit Poison.
   973 | D:2      | 973 ||| INVOKING Spit Poison.
  1019 | D:2      | 1019 ||| INVOKING Spit Poison.
  1086 | D:2      | 1086 ||| INVOKING Spit Poison.
  1122 | D:2      | 1122 ||| INVOKING Spit Poison.
  1128 | D:2      | 1128 ||| INVOKING Spit Poison.
  1190 | D:2      | 1190 ||| INVOKING Spit Poison.
  1195 | D:2      | 1195 ||| INVOKING Spit Poison.
  1196 | D:2      | Reached skill level 5 in Ranged Weapons
  1196 | D:2      | Reached XP level 4. HP: 31/39 MP: 4/4
  1284 | D:2      | 1284 ||| INVOKING Spit Poison.
  1473 | D:2      | 1473 ||| INVOKING Spit Poison.
  1510 | D:2      | 1510 ||| UPGRADING to +1 leather armour of fire resistance.
  1520 | D:2      | 1520 ||| DROPPING +0 leather armour.
  1521 | D:2      | 1521 ||| UPGRADING to ring of protection from fire.
  1522 | D:2      | 1522 ||| READING scroll labelled QUOSSA ESTUDUA.
  1623 | D:2      | 1623 ||| READING scroll labelled CYTYAS DODUKI.
  1650 | D:3      | 1650 ||| INVOKING Spit Poison.
  1656 | D:3      | 1656 ||| INVOKING Spit Poison.
  1737 | D:3      | 1737 ||| INVOKING Spit Poison.
  1743 | D:3      | 1743 ||| INVOKING Spit Poison.
  1749 | D:3      | 1749 ||| INVOKING Spit Poison.
  1831 | D:3      | 1831 ||| INVOKING Spit Poison.
  1863 | D:3      | 1863 ||| INVOKING Spit Poison.
  1953 | D:3      | 1953 ||| INVOKING Spit Poison.
  2254 | D:3      | 2254 ||| INVOKING Spit Poison.
  2257 | D:3      | Reached skill level 3 in Fighting
  2264 | D:3      | 2264 ||| INVOKING Spit Poison.
  2318 | D:3      | 2318 ||| INVOKING Spit Poison.
  2517 | D:3      | 2517 ||| READING scroll labelled WYMECAJIDD.
  2518 | D:3      | 2518 ||| READING 2 scrolls labelled HICZYCR DEOFUNG.
  2519 | D:3      | 2519 ||| READING scroll labelled QAJUX HAANN.
  2523 | D:3      | 2523 ||| DRINKING 2 red potions.
  2541 | D:4      | Noticed a scorpion
  2544 | D:4      | 2544 ||| INVOKING Spit Poison.
  2547 | D:4      | Killed a scorpion
  2548 | D:4      | Reached XP level 5. HP: 49/49 MP: 5/5
  2557 | D:4      | 2557 ||| INVOKING Spit Poison.
  2562 | D:4      | 2562 ||| INVOKING Spit Poison.
  2630 | D:4      | 2630 ||| INVOKING Spit Poison.
  2633 | D:4      | 2633 ||| INVOKING Spit Poison.
  2636 | D:4      | 2636 ||| INVOKING Spit Poison.
  2640 | D:4      | 2640 ||| INVOKING Spit Poison.
  2641 | D:4      | Reached skill level 6 in Ranged Weapons
  2641 | D:4      | Reached XP level 6. HP: 42/56 MP: 6/6
  2699 | D:4      | 2699 ||| INVOKING Spit Poison.
  2705 | D:4      | 2705 ||| INVOKING Spit Poison.
  2709 | D:4      | 2709 ||| INVOKING Spit Poison.
  2715 | D:4      | 2715 ||| INVOKING Spit Poison.
  2847 | D:4      | 2847 ||| INVOKING Spit Poison.
  2853 | D:4      | 2853 ||| INVOKING Spit Poison.
  2854 | D:4      | Noticed Grinder
  2860 | D:4      | 2860 ||| INVOKING Spit Poison.
  2861 | D:4      | 2861 ||| INVOKING Spit Poison.
  2884 | D:4      | Killed Grinder
  2885 | D:4      | Reached XP level 7. HP: 22/67 MP: 7/7
  3036 | D:4      | 3036 ||| INVOKING Spit Poison.
  3041 | D:4      | 3041 ||| INVOKING Spit Poison.
  3046 | D:4      | 3046 ||| INVOKING Spit Poison.
  3066 | D:4      | 3066 ||| INVOKING Spit Poison.
  3071 | D:4      | 3071 ||| INVOKING Spit Poison.
  3078 | D:4      | 3078 ||| INVOKING Spit Poison.
  3083 | D:4      | 3083 ||| INVOKING Spit Poison.
  3086 | D:4      | 3086 ||| INVOKING Spit Poison.
  3091 | D:4      | 3091 ||| INVOKING Spit Poison.
  3332 | D:4      | 3332 ||| INVOKING Spit Poison.
  3339 | D:4      | 3339 ||| INVOKING Spit Poison.
  3378 | D:4      | 3378 ||| INVOKING Spit Poison.
  3384 | D:4      | 3384 ||| INVOKING Spit Poison.
  3407 | D:4      | 3407 ||| INVOKING Spit Poison.
  3411 | D:4      | 3411 ||| INVOKING Spit Poison.
  3418 | D:4      | 3418 ||| INVOKING Spit Poison.
  3423 | D:4      | HP: 14/67 [gnoll/+0 club (3)]
  3424 | D:4      | 3424 ||| INVOKING Spit Poison.
  3427 | D:4      | 3427 ||| INVOKING Spit Poison.
  3428 | D:4      | HP: 12/67 [kobold (1)]
  3636 | D:4      | 3636 ||| INVOKING Spit Poison.
  3637 | D:4      | 3637 ||| Stepping ~*~*~tactically~*~*~ (outnumbered).
  3638 | D:4      | 3638 ||| Stepping ~*~*~tactically~*~*~ (outnumbered).
  3640 | D:4      | 3640 ||| INVOKING Spit Poison.
  3641 | D:4      | 3641 ||| Stepping ~*~*~tactically~*~*~ (outnumbered).
  3645 | D:4      | 3645 ||| Stepping ~*~*~tactically~*~*~ (outnumbered).
  3646 | D:4      | 3646 ||| INVOKING Spit Poison.
  3653 | D:4      | 3653 ||| INVOKING Spit Poison.
  3659 | D:4      | 3659 ||| INVOKING Spit Poison.
  3770 | D:4      | 3770 ||| INVOKING Spit Poison.
  3776 | D:4      | 3776 ||| INVOKING Spit Poison.
  3816 | D:4      | 3816 ||| Stepping ~*~*~tactically~*~*~ (outnumbered).
  3817 | D:4      | 3817 ||| INVOKING Spit Poison.
  3823 | D:4      | 3823 ||| INVOKING Spit Poison.
  3826 | D:4      | 3826 ||| INVOKING Spit Poison.
  3831 | D:4      | 3831 ||| INVOKING Spit Poison.
  3834 | D:4      | 3834 ||| INVOKING Spit Poison.
  3839 | D:4      | Reached skill level 7 in Ranged Weapons
  3888 | D:4      | 3888 ||| INVOKING Spit Poison.
  3895 | D:4      | 3895 ||| INVOKING Spit Poison.
  3900 | D:4      | 3900 ||| INVOKING Spit Poison.
  3917 | D:4      | 3917 ||| Stepping ~*~*~tactically~*~*~ (outnumbered).
  3919 | D:4      | 3919 ||| INVOKING Spit Poison.
  3922 | D:4      | 3922 ||| INVOKING Spit Poison.
  3963 | D:4      | 3963 ||| INVOKING Spit Poison.
  3971 | D:4      | 3971 ||| INVOKING Spit Poison.
  3976 | D:4      | 3976 ||| INVOKING Spit Poison.
  3981 | D:4      | 3981 ||| Stepping ~*~*~tactically~*~*~ (outnumbered).
  3982 | D:4      | 3982 ||| INVOKING Spit Poison.
  3988 | D:4      | 3988 ||| INVOKING Spit Poison.
  3999 | D:4      | 3999 ||| INVOKING Spit Poison.
  4006 | D:4      | 4006 ||| INVOKING Spit Poison.
  4014 | D:4      | 4014 ||| INVOKING Spit Poison.
  4019 | D:4      | 4019 ||| INVOKING Spit Poison.
  4027 | D:4      | 4027 ||| INVOKING Spit Poison.
  4031 | D:4      | 4031 ||| INVOKING Spit Poison.
  4034 | D:4      | 4034 ||| INVOKING Spit Poison.
  4035 | D:4      | 4035 ||| Stepping ~*~*~tactically~*~*~ (outnumbered).
  4041 | D:4      | 4041 ||| INVOKING Spit Poison.
  4043 | D:4      | Reached XP level 8. HP: 57/74 MP: 8/8
  4044 | D:4      | 4044 ||| INVOKING Spit Poison.
  4062 | D:4      | 4062 ||| INVOKING Spit Poison.
  4065 | D:4      | 4065 ||| INVOKING Spit Poison.
  4077 | D:4      | 4077 ||| INVOKING Spit Poison.
  4244 | D:4      | 4244 ||| INVOKING Spit Poison.
  4247 | D:4      | 4247 ||| INVOKING Spit Poison.
  4512 | D:4      | 4512 ||| DROPPING ring of wizardry.
  4513 | D:4      | 4513 ||| READING 3 scrolls labelled KEKOAS HIVO.
  4514 | D:4      | 4514 ||| DROPPING 2 scrolls of amnesia.
  4562 | D:5      | Entered Level 5 of the Dungeon
  4566 | D:5      | 4566 ||| INVOKING Spit Poison.
  4571 | D:5      | 4571 ||| INVOKING Spit Poison.
  4576 | D:5      | 4576 ||| Stepping ~*~*~tactically~*~*~ (outnumbered).
  4577 | D:5      | 4577 ||| INVOKING Spit Poison.
  4582 | D:5      | 4582 ||| INVOKING Spit Poison.
  4587 | D:5      | 4587 ||| INVOKING Spit Poison.
  4647 | D:5      | Reached skill level 8 in Ranged Weapons
  4772 | D:5      | You fall into a shaft and drop 2 floors!
  4804 | D:7      | Found a burning altar of Makhleb.
  4804 | D:7      | Found a white marble altar of Elyvilon.
  4804 | D:7      | Found an ancient bone altar of Kikubaaqudgha.
  4839 | D:7      | 4839 ||| Stepping ~*~*~tactically~*~*~ (outnumbered).
  4841 | D:7      | 4841 ||| INVOKING Spit Poison.
  4843 | D:7      | 4843 ||| Stepping ~*~*~tactically~*~*~ (outnumbered).
  4846 | D:7      | 4846 ||| Stepping ~*~*~tactically~*~*~ (outnumbered).
  4847 | D:7      | 4847 ||| INVOKING Spit Poison.
  4852 | D:7      | 4852 ||| INVOKING Spit Poison.
  4858 | D:7      | 4858 ||| INVOKING Spit Poison.
  4893 | D:7      | 4893 ||| INVOKING Spit Poison.
  4904 | D:7      | 4904 ||| INVOKING Spit Poison.
  4908 | D:7      | 4908 ||| INVOKING Spit Poison.
  4912 | D:7      | 4912 ||| INVOKING Spit Poison.
  4918 | D:7      | 4918 ||| INVOKING Spit Poison.
  4923 | D:7      | 4923 ||| INVOKING Spit Poison.
  5086 | D:6      | 5086 ||| INVOKING Spit Poison.
  5093 | D:6      | 5093 ||| INVOKING Spit Poison.
  5095 | D:6      | HP: 17/74 [centaur (3)]
  5096 | D:6      | HP: 3/74 [gnoll/+0 whip[a gnoll bouda] (7)]
  5096 | D:6      | Slain by a centaur

Levels and vault maps discovered:
D:1:      dpeg_arrival_orchard, layout_basic
D:2:      minmay_chambers_of_ones, layout_rooms
D:3:      layout_basic, minivault_5
D:4:      minmay_goblin_kobold_castle, layout_cave_pools, nicolae_eternal_life,
          uniq_grinder
D:5:      layout_loops_ring, minmay_temple_entry_overgrown, minmay_crystal_room
D:6:      layout_gridville, grunt_temple_overflow_open, minmay_ogre_servants
D:7:      layout_gridville, chequers_temple_overflow_statue_of_worship,
          ebering_ghost_disaster_area

Skill      XL: |  1  2  3  4  5  6  7  8 |
---------------+-------------------------+-----
Ranged Weapons | 4 5 6 7 8 |  8.8
Fighting       | 3 5 |  5.2
Dodging        | 2 |  2.1
Stealth        | |  1.5

Action                     |  1- 3 |  4- 6 |  7- 9 || total
---------------------------+-------+-------+-------++-------
   Fire: Shortbow          |    48 |   117 |   262 ||   427
Ability: Spit Poison       |    25 |    27 |    71 ||   123
    Use: Scroll            |     4 |     5 |     1 ||    10
         Potion            |     1 |     1 |       ||     2
 Armour: Leather armour    |    11 |    21 |    76 ||   108
  Dodge: Dodged            |    22 |    38 |   133 ||   193

Table legend:
 A = Non-vault XP
 B = Vault XP
 C = Vault XP percentage of total XP
 D = Non-vault monster count
 E = Vault monster count
 F = Vault count percentage of total count
                 A         B        C        D         E       F
            +---------+---------+-------+---------+---------+-------
      Total |    1355 |     531 |  28.2 |     103 |      67 |  39.4
            +---------+---------+-------+---------+---------+-------
        D:1 |      25 |       0 |   0.0 |      15 |       0 |   0.0
        D:2 |      70 |      10 |  12.5 |      20 |       5 |  20.0
        D:3 |      42 |       0 |   0.0 |      17 |       0 |   0.0
        D:4 |     694 |     521 |  42.9 |      33 |      62 |  65.3
        D:5 |     195 |       0 |   0.0 |       7 |       0 |   0.0
        D:7 |     329 |       0 |   0.0 |      11 |       0 |   0.0
            +---------+---------+-------+---------+---------+-------
